 Dungeon Crawl Stone Soup version 0.31.0-11-ge490571c62 (webtiles) character file.

Game seed: 14878805433168198161

741 Gadfly the Insei (level 7, -1/52 HPs)
             Began as a Demonspawn Monk on Feb 5, 2024.
             Slain by a kobold brigand
             ... wielding a +0 short sword
              (4 damage)
             ... in a sewer.
             The game lasted 00:04:05 (2818 turns).

Gadfly the Insei (Demonspawn Monk)                  Turns: 2818, Time: 00:04:06

Health: -1/52      AC:  3    Str: 13    XL:     7   Next: 47%
Magic:  7/7        EV: 13    Int: 10    God:
Gold:   147        SH:  0    Dex: 16    Spells: 6/6 levels left

rFire   . . .        b - +3 hand axe (elec)
rCold   . . .        (no shield)
rNeg    . . .        a - +1 robe
rPois   .            (no helmet)
rElec   .            (no cloak)
rCorr   .            (no gloves)
SInv    .            (no boots)
Will    .....        (no amulet)
Stlth   +            (no ring)
HPRegen 0.28/turn    (no ring)
MPRegen 0.10/turn

%: no passive effects
@: mighty, very slow
A: powered by pain 1, sturdy frame 1, demonic touch 2
a: no special abilities


You were in a sewer.
You visited 1 branch of the dungeon, and saw 4 of its levels.
You also visited: Sewer.

You collected 147 gold pieces.

Inventory:

Hand Weapons
 b - a +3 hand axe of electrocution (weapon)
 l - a +0 whip of freezing
Armour
 a - a +1 robe (worn)
 c - an orb of light
Talismans
 g - a storm talisman
Scrolls
 d - 4 scrolls of teleportation
 h - a scroll of blinking
 i - 3 scrolls of poison
 k - a scroll of enchant weapon
 m - a scroll of fear {unknown}
Potions
 j - a potion of lignification


   Skills:
 - Level 3.0 Fighting
 + Level 3.9 Dodging
 * Level 4.8 Unarmed Combat
 * Level 4.1 Evocations
 * Level 3.4 Shapeshifting


You had 6 spell levels left.
You didn't know any spells.
Your spell library contained the following spells:

 Spells                   Type           Power      Damage    Failure   Level
 Kiss of Death            Conj/Necr      0%         2d5       36%         1
 Confusing Touch          Hex            0%         N/A       75%         3
 Dispel Undead            Necr           0%         3d6       98%         4


Dungeon Overview and Level Annotations

Branches:
Dungeon (4/15)              Sewer (1/1)
 Temple: D:4-7

Altars:
Fedhas
Makhleb


Innate Abilities, Weirdness & Mutations

You sometimes gain a little power by taking damage.
Your movements are slightly less encumbered by armour. (ER -2)
Your touch may inflict irresistible damage on your foes.


Message History

The kobold brigand hits you but does no damage.
The kobold brigand completely misses you.
Your unstable footing causes you to fumble your attack.
The kobold brigand hits you with a +0 dagger.
The kobold brigand barely misses you.
You slash the kobold brigand!
The kobold brigand is almost dead.
You barely miss the kobold brigand.
The kobold brigand completely misses you.
The kobold brigand hits you with a +0 short sword.
The kobold brigand splashes around in the water.
You closely miss the kobold brigand. Your touch misses the kobold brigand.
The kobold brigand is almost dead.
You hit the kobold brigand.
The kobold brigand hits you with a +0 short sword.
* * * LOW HITPOINT WARNING * * *
The kobold brigand splashes around in the water.
Unknown command.
You closely miss the kobold brigand.
You touch the kobold brigand.
You kill the kobold brigand!
You hear a splash. x2
You hit the kobold brigand.
The kobold brigand hits you with a +0 short sword.
* * * LOW HITPOINT WARNING * * *
The kobold brigand hits you with a +0 short sword.
* * * LOW HITPOINT WARNING * * *
You closely miss the kobold brigand. Your touch misses the kobold brigand.
The kobold brigand is heavily wounded.
The kobold brigand hits you with a +0 short sword.
* * * LOW HITPOINT WARNING * * *
Your unstable footing causes you to fumble your attack.
The kobold brigand misses you.
Your unstable footing causes you to fumble your attack.
The kobold brigand hits you with a +0 short sword.
* * * LOW HITPOINT WARNING * * *
The kobold brigand closely misses you.
You hit the kobold brigand.
You touch the kobold brigand.
The kobold brigand is almost dead.
The kobold brigand hits you with a +0 short sword.
You die...

#.###.# #.~~.~# ##~~~##
#~~~# #.~~# ##~~.#
##~.~.# ####### #.~~~~#
#####~~~~.#
.~~..########~~~@)#
~~.####~~~~.~~###K~~~.#
~.## #..~~~~~~# #######
.~####~~~~.~.~###~~~~.#
~~.##.~~.####~.~..#####
~...~~~.## #####.~)~.#
~.~..~~## #######
~~~..~~# .~~~~~~#


You could see a kobold brigand.

Vanquished Creatures
  Pikel (D:4)
  A lemure (D:4)
  2 kobold brigands (Sewer)
  A bombardier beetle (D:3)
  A hound (D:4)
  A gnoll (D:1)
  5 adders
  A river rat (Sewer)
  2 ribbon worms
  5 orcs (D:3)
  3 bats
  6 endoplasms
  2 giant cockroaches
  A goblin (D:1)
  9 hobgoblins
  4 jackals (D:3)
  6 ball pythons
  3 frilled lizards
  A kobold (Sewer)
  5 rats
60 creatures vanquished.

Notes
Turn   | Place    | Note
-------+----------+-------------------------------------------
     0 | D:1      | Gadfly the Demonspawn Monk began the quest for the Orb.
     0 | D:1      | Reached XP level 1. HP: 18/18 MP: 1/1
   119 | D:1      | Reached skill level 1 in Evocations
   119 | D:1      | Gained mutation: Your touch may inflict minor irresistible
                  | damage on your foes. [demonic ancestry]
   119 | D:1      | Reached XP level 2. HP: 20/24 MP: 2/2
   262 | D:1      | Reached skill level 1 in Shapeshifting
   363 | D:1      | Found a faded altar of an unknown god.
   376 | D:1      | Reached XP level 3. HP: 29/29 MP: 3/3
  1322 | D:3      | Gained mutation: You sometimes gain a little power by
                  | taking damage. [demonic ancestry]
  1322 | D:3      | Reached XP level 4. HP: 34/35 MP: 4/4
  1354 | D:3      | Found a burning altar of Makhleb.
  1864 | D:3      | Found a blossoming altar of Fedhas.
  1909 | D:3      | Gained mutation: Your touch may inflict irresistible damage
                  | on your foes. [demonic ancestry]
  1909 | D:3      | Reached XP level 5. HP: 35/41 MP: 5/5
  2510 | D:4      | Noticed a lemure
  2510 | D:4      | Noticed Pikel
  2512 | D:4      | Noticed a lemure
  2516 | D:4      | Noticed a lemure
  2518 | D:4      | Noticed a lemure
  2521 | D:4      | Killed a lemure
  2526 | D:4      | Killed Pikel
  2527 | D:4      | Gained mutation: Your movements are slightly less
                  | encumbered by armour. (ER -2) [demonic ancestry]
  2527 | D:4      | Reached XP level 6. HP: 20/47 MP: 6/6
  2527 | D:4      | Reached XP level 7. HP: 22/52 MP: 7/7
  2568 | D:4      | Found a glowing drain.
  2572 | Sewer    | Entered a sewer
  2804 | Sewer    | HP: 2/52 [kobold brigand/+0 short sword (7)]
  2817 | Sewer    | HP: 2/52 [kobold brigand/+0 short sword (2)]
  2818 | Sewer    | Slain by a kobold brigand

Illustrated notes

Levels and vault maps discovered:
D:1:      dpeg_arrival_short_road, layout_rooms,
          shapermc_ecumenical_altar_totnotflames
D:2:      layout_loops_cross
D:3:      layout_loops_ring, mainiacjoe_overflow_alcove_1, bloody_makhleb
D:4:      layout_basic, gup_sewer_entry_bowl, kennysheep_pointless_box,
          minmay_misc_feat_plants, grunt_decor_clamped, kennysheep_minor_cross,
          sigmund_edmund_badplayer, uniq_pikel
Sewer:    sewer_co_tree

Skill      XL: |  1  2  3  4  5  6  7 |
---------------+----------------------+-----
Evocations     | 1 2 3 4 |  4.1
Unarmed Combat | 3 4 |  4.8
Shapeshifting  | 1 3 |  3.4
Dodging        | 3 |  3.9
Fighting       | |  3.0

Action                     |  1- 3 |  4- 6 |  7- 9 || total
---------------------------+-------+-------+-------++-------
  Melee: Hand axe          |    56 |    74 |    35 ||   165
         Unarmed           |     2 |       |       ||     2
         Touch             |       |     2 |     6 ||     8
         Punch             |       |     1 |     1 ||     2
    Use: Scroll            |    10 |       |       ||    10
         Potion            |     2 |       |     3 ||     5
   Stab: Sleeping          |       |     2 |       ||     2
 Armour: Robe              |    25 |    40 |    36 ||   101
  Dodge: Dodged            |    36 |    58 |    23 ||   117
